Map: Tokamak LE

Players

Solar - Winner!

  • Race: Zerg Zerg
  • Spawn Location: 1:00

SHIN

  • Race: Zerg Zerg
  • Spawn Location: 7:00

Event: Esports World Cup 2025

VOD

Have the link to the VOD?

Description

Time

  • Played on: July 24, 2025, 5:05 a.m.
  • Length: 4:45

All games in this series

Show
View Real Time Build Order
Export as new Build Order

Solar Zerg - Winner!

Build Orders: Hatch First 

Get SALT Encoding   

  12  0:00  Drone  
  13  0:08  Drone  
  14  0:14  Drone, Extractor  
  14  0:21  Overlord  
  15  0:40  Drone  
  16  0:47  Hatchery  
  16  0:49  Drone  
  16  0:51  Drone  
  16  0:56  Drone  
  18  1:01  Extractor  
  17  1:11  Spawning Pool  
  16  1:14  Drone  
  16  1:17  Drone  
  18  1:26  Drone  
  19  1:37  Drone  
  20  1:52  Drone  
  21  1:58  Queen x2  
  21  1:59  Zergling x2  
  26  2:04  Metabolic Boost  
  26  2:06  Overlord  
  26  2:10  Zergling x2  
  26  2:13  Zergling x2  
  28  2:20  Drone  
  28  2:25  Drone  
  28  2:32  Zergling x4  
  30  2:41  Overlord  
  30  2:43  Drone  
  31  2:54  Drone x2  
  33  3:04  Zergling x4  
  35  3:07  Zergling x2  
  35  3:08  Zergling x4  
  35  3:12  Drone x2  
  40  3:20  Hatchery  
  40  3:22  Drone  
  40  3:26  Zergling x2  
  40  3:27  Zergling x4  
  43  3:29  Baneling Nest  
  43  3:34  Overlord  
  42  3:39  Zergling x6  
  43  3:41  Zergling x4  
  43  3:43  Zergling x2  
  43  3:47  Zergling x2  
  40  3:50  Zergling x2  
  40  3:53  Zergling x2  
  40  3:59  Zergling x2  
  34  4:07  Zergling x4  
  36  4:13  Baneling  
  36  4:14  Baneling  
  36  4:18  Zergling x2  
  36  4:19  Zergling x2  
Show
View Real Time Build Order
Export as new Build Order

SHIN Zerg 

Build Orders: Pool First 

Get SALT Encoding   

  12  0:00  Drone  
  13  0:08  Drone  
  14  0:16  Overlord  
  14  0:31  Spawning Pool  
  14  0:35  Drone  
  14  0:39  Drone  
  15  0:43  Drone  
  16  0:50  Extractor  
  15  1:05  Hatchery  
  17  1:18  Zergling x6  
  17  1:32  Queen  
  19  1:41  Zergling x2  
  20  1:51  Metabolic Boost  
  20  1:53  Zergling x2  
  21  2:02  Overlord  
  21  2:17  Queen  
  23  2:23  Zergling x6  
  23  2:27  Zergling x2  
  26  2:31  Zergling x2  
  26  2:36  Zergling x2  
  28  2:39  Zergling x2  
  28  2:42  Zergling x2  
  30  2:44  Zergling x2  
  30  2:49  Zergling x2  
  30  2:53  Zergling x2  
  30  2:56  Zergling x2  
  32  3:00  Zergling x2  
  32  3:03  Zergling x2  
  34  3:12  Zergling x4  
  36  3:23  Overlord  
  36  3:30  Overlord  
  36  3:39  Zergling x4  
  36  3:41  Zergling x4  
  36  3:43  Zergling x2  
  36  3:46  Zergling x2  
  33  3:51  Zergling x2  
  29  3:56  Zergling x2  
  29  3:58  Zergling x2  
  29  4:02  Zergling x2  
  28  4:06  Zergling x2  
  30  4:10  Drone  
  30  4:13  Drone  
  31  4:19  Zergling x2  
  31  4:21  Drone  
  30  4:25  Drone  
  30  4:29  Drone  
Tags
 
Add a new tag
Caveats
  • Supply blocks, unpowered buildings, or Contaminate may cause inaccurate times.
  • Supply counts are checked every 10 seconds.